 Dungeon Crawl Stone Soup version 0.28.0-53-g5a82cb258f (webtiles) character file.

Game seed: 4814605552918339341

48 DildoBatman the Conjurer (level 4, 0/24 (31) HPs)
             Began as a Formicid Conjurer on July 3, 2022.
             Slain by a giant cockroach (2 damage)
             ... on level 3 of the Dungeon.
             The game lasted 00:03:39 (1699 turns).

DildoBatman the Conjurer (Formicid Conjurer)        Turns: 1699, Time: 00:03:40

HP:   0/24 (31)     AC:  3    Str: 12    XL:     4   Next: 0%
MP:   7/7           EV: 12    Int: 17    God:
Gold: 59            SH:  0    Dex: 11    Spells: 2/7 levels left

rFire   . . .      SeeInvis +   a - +0 hunting sling
rCold   . . .      Faith    .   (no shield)
rNeg    . . .      Spirit   .   k - +0 robe
rPois   .          Reflect  .   (helmet unavailable)
rElec   .          Harm     .   (no cloak)
rCorr   .          Rampage  .   (no gloves)
Will    .....                   e - +0 pair of boots
Stlth   ++........              (no amulet)
HPRegen 0.08/turn               (no ring)
MPRegen 0.10/turn               (no ring)

@: heavily drained
A: permanent stasis, dig shafts and tunnels, antennae 3, four strong arms
a: Dig, Shaft Self


You were on level 3 of the Dungeon.
You visited 1 branch of the dungeon, and saw 3 of its levels.

You collected 59 gold pieces.

Inventory:

Hand Weapons
 a - a +0 hunting sling (weapon)
Missiles
 c - 55 stones (quivered ammo)
 l - 18 arrows
 o - 19 sling bullets
 p - 5 poisoned darts
Armour
 e - a +0 pair of boots (worn)
 k - a +0 robe (worn)
Magical Staves
 b - a staff of conjuration
 f - a staff of death
Scrolls
 d - a scroll of enchant armour {unknown}
 g - 2 scrolls of enchant weapon {unknown}
 h - 3 scrolls of fog {unknown}
 i - a scroll of brand weapon {unknown}
 m - 2 scrolls of teleportation {unknown}
 n - a scroll of vulnerability {unknown}
Potions
 j - a potion of mutation {unknown}


   Skills:
 * Level 0.9 Fighting
 * Level 1.1 Armour
 - Level 1.7 Dodging
 - Level 2.4 Stealth
 * Level 2.4 Spellcasting
 * Level 4.4 Conjurations


You had 2 spell levels left.
You knew the following spells:

 Your Spells              Type           Power      Damage    Failure   Level
a - Searing Ray           Conj           34%        2d5       4%          2
c - Magic Dart            Conj           68%        1d6       3%          1
z - Sublimation of Blood  Necr           2%         N/A       28%         2

Your spell library contained the following spells:

 Spells                   Type           Power      Damage    Failure   Level
 Conjure Flame            Conj/Fire      9%         6-21      22%         3
 Dazzling Flash           Conj/Hex       18%        N/A       22%         3
 Ignite Poison            Fire/Tmut/Pois 2%         N/A       50%         3
 Fulminant Prism          Conj/Hex       4%         3d6       58%         4
 Iskenderun's Mystic Bla  Conj/Tloc      9%         2d4       58%         4
 Sticky Flame             Conj/Fire      9%         2d3       58%         4
 Petrify                  Tmut/Erth      2%         N/A       88%         4
 Irradiate                Conj/Tmut      4%         3d15      91%         5


Dungeon Overview and Level Annotations

Branches:
Dungeon (2/15)

Altars:


Innate Abilities, Weirdness & Mutations

You cannot be hasted, slowed, berserked, paralysed or teleported.
You can dig through walls and to a lower floor.
You have a pair of large antennae on your head. (SInv)
Your four strong arms can wield two-handed weapons with a shield.


Message History

The giant cockroach bites you but does no damage.
The kobold hits you but does no damage. What are your orders? t - Shout!
Orders for allies: a - Attack new target. r - Retreat! s - Stop attacking. g - Guard the area. f - Follow me.
Anything else - Cancel.
You shout for attention!
The giant cockroach completely misses you.
The kobold hits you but does no damage. What are your orders? t - Shout!
Orders for allies: a - Attack new target. r - Retreat! s - Stop attacking. g - Guard the area. f - Follow me.
Anything else - Cancel.
You shout for attention!
The giant cockroach bites you but does no damage.
The kobold hits you but does no damage. What are your orders? t - Shout!
Orders for allies: a - Attack new target. r - Retreat! s - Stop attacking. g - Guard the area. f - Follow me.
Anything else - Cancel.
You shout for attention!
The giant cockroach bites you but does no damage.
The kobold barely misses you. What are your orders? t - Shout!
Orders for allies: a - Attack new target. r - Retreat! s - Stop attacking. g - Guard the area. f - Follow me.
Anything else - Cancel.
You shout for attention!
The giant cockroach misses you.
The kobold hits you with a +0 short sword.
The giant cockroach bites you.
You die...

.# # #.#
#.### #.#
#....## #..
#.@###.##
#B#K##..#
#.##.#..#
#. ##...#
#.
##..#####.#
..
#........#
##
#####.....
.... ...


You could see a giant cockroach and a kobold.

Vanquished Creatures
  An adder (D:2)
  A worm (D:2)
  3 ball pythons
  7 endoplasms
  5 goblins
  2 hobgoblins
  2 quokkas
  6 bats
  2 frilled lizards (D:1)
  4 kobolds
  2 rats
35 creatures vanquished.

Notes
Turn   | Place    | Note
-------+----------+-------------------------------------------
     0 | D:1      | DildoBatman the Formicid Conjurer began the quest for the
                  | Orb.
     0 | D:1      | Reached XP level 1. HP: 13/13 MP: 3/3
   217 | D:1      | Reached XP level 2. HP: 15/19 MP: 3/5
   248 | D:1      | Learned a level 2 spell: Searing Ray
   260 | D:1      | Reached skill level 4 in Conjurations
   805 | D:1      | Reached XP level 3. HP: 24/24 MP: 2/6
  1082 | D:2      | Learned a level 2 spell: Sublimation of Blood
  1177 | D:2      | Reached skill level 1 in Armour
  1627 | D:2      | Reached XP level 4. HP: 31/31 MP: 5/7
  1629 | D:2      | You fall into a shaft and drop 1 floor!
  1699 | D:3      | Slain by a giant cockroach

Illustrated notes

Levels and vault maps discovered:
D:1:      saegor_arrival_under_anarchy, layout_loops_ring
D:2:      layout_basic, kennysheep_generic_room_9
D:3:      layout_loops_ring, serial_glass, glass_columns_b, glass_columns_b,
          dreamdust_ecumenical_altar_hidden_monk_grotto, serial_shops,
          nicolae_shop_statue_plus, cheibrodos_sewer_entry_bend

Skill      XL: |  1  2  3 |
---------------+----------+-----
Conjurations   | 4 |  4.4
Armour         | 1 |  1.1
Fighting       | |  0.9
Dodging        | |  1.7
Stealth        | |  2.4
Spellcasting   | |  2.4

Action                   |  1- 3 |  4- 6 || total
-------------------------+-------+-------++-------
Melee: Club              |     9 |       ||     9
       Unarmed           |     3 |       ||     3
       Punch             |     1 |       ||     1
       Staff             |     7 |       ||     7
 Fire: Hunting sling     |    26 |       ||    26
 Cast: Magic Dart        |    41 |       ||    41
       Searing Ray       |     8 |       ||     8
 Abil: Dig               |       |     1 ||     1
       Shaft Self        |       |     1 ||     1
Armor: Robe              |    12 |    10 ||    22
Dodge: Dodged            |    30 |    28 ||    58
